TOP OF THE 1ST |
Colorado Commanders batting - Pitching for Surrey Sinners : RHP Sergio Chávez
|
Pitching: RHP Sergio Chávez
|
|
Batting: RHB Tony Barton
|
0-0: Called Strike 0-1: Ball 1-1: Hit by Pitch
|
Batting: RHB Alberto Soto
|
0-0: SINGLE (Groundball, 34D) Tony Barton to second Runner from 2nd tries for 3rd, SAFE, no throw
|
Batting: RHB Roberto Rodríguez
|
0-0: Swinging Strike 0-1: Ball Alberto Soto steals 2nd base 1-1: Foul Ball, location: 2F 1-2: Foul Ball, location: 2F 1-2: Foul Ball, location: 2F 1-2: Strikes out swinging
|
Batting: RHB Todd Oliver
|
0-0: Fly out, F7 (Flyball, 7LS)
|
Batting: RHB Kyle Vélez
|
0-0: Called Strike 0-1: Foul Ball, location: 2F 0-2: Strikes out swinging
|
Top of the 1st over - 0 run(s), 1 hit(s), 0 error(s), 2 left on base; Colorado 0 - Surrey 0 |
BOTTOM OF THE 1ST |
Surrey Sinners batting - Pitching for Colorado Commanders : RHP Juan Mesa
|
Pitching: RHP Juan Mesa
|
|
Batting: LHB Juan Hinojosa
|
0-0: Called Strike 0-1: Ball 1-1: Fly out, F2 (Popup, 15)
|
Batting: LHB Jorge Martínez
|
0-0: Fly out, F9 (Flyball, 9)
|
Batting: LHB Tony Smith
|
0-0: TRIPLE (Line Drive, 89M)
|
Batting: RHB Eugene Booth
|
0-0: Swinging Strike 0-1: Ball 1-1: Ball 2-1: Ball 3-1: DOUBLE (Line Drive, 8LM) Tony Smith scores
|
Batting: RHB Mitchell Darragh
|
0-0: Called Strike 0-1: Swinging Strike 0-2: Foul Ball, location: 2F 0-2: Foul Ball, location: 2F 0-2: Strikes out swinging
|
Bottom of the 1st over - 1 run(s), 2 hit(s), 0 error(s), 1 left on base; Colorado 0 - Surrey 1 |
TOP OF THE 2ND |
Colorado Commanders batting - Pitching for Surrey Sinners : RHP Sergio Chávez
|
Batting: SHB Ed Dundee
|
0-0: Ball 1-0: Fly out, F7 (Flyball, 7S)
|
Batting: RHB Randall Luna
|
0-0: Ball 1-0: Ground out 3-1 (Groundball, 34S)
|
Batting: RHB Eliot James
|
0-0: Ball 1-0: Foul Ball, location: 2F 1-1: Foul Ball, location: 2F 1-2: Ball 2-2: Strikes out looking
|
Top of the 2nd over - 0 run(s), 0 hit(s), 0 error(s), 0 left on base; Colorado 0 - Surrey 1 |
BOTTOM OF THE 2ND |
Surrey Sinners batting - Pitching for Colorado Commanders : RHP Juan Mesa
|
Batting: SHB António Ramos
|
0-0: Ball 1-0: Ball 2-0: Ball 3-0: Base on Balls
|
Batting: SHB Joey Boyd
|
0-0: Foul Ball, location: 2F 0-1: Ball 1-1: Ball 2-1: Ball 3-1: Base on Balls António Ramos to second
|
Batting: SHB Juan Carlos Mesa
|
0-0: Called Strike 0-1: Foul Ball, location: 2F 0-2: Strikes out swinging
|
Batting: RHB Mauro Paredes
|
0-0: Called Strike 0-1: Ball 1-1: Foul Ball, location: 2F 1-2: Ball 2-2: Foul Ball, location: 2F 2-2: Foul Ball, location: 2F 2-2: Ball 3-2: Fly out, F9 (Flyball, 9S)
|
Batting: LHB Juan Hinojosa
|
0-0: Called Strike 0-1: Ground out 4-3 (Groundball, 34)
|
Bottom of the 2nd over - 0 run(s), 0 hit(s), 0 error(s), 2 left on base; Colorado 0 - Surrey 1 |
TOP OF THE 3RD |
Colorado Commanders batting - Pitching for Surrey Sinners : RHP Sergio Chávez
|
Batting: RHB Nick Crosby
|
0-0: Ball 1-0: Foul Ball, location: 2F 1-1: Foul Ball, location: 2F 1-2: Strikes out looking
|
Batting: RHB Tony Barton
|
0-0: SINGLE (Groundball, 4MD)
|
Batting: RHB Alberto Soto
|
0-0: Called Strike 0-1: Swinging Strike 0-2: Strikes out swinging
|
Batting: RHB Roberto Rodríguez
|
0-0: Called Strike 0-1: Ball 1-1: Called Strike 1-2: Ball 2-2: Strikes out swinging
|
Top of the 3rd over - 0 run(s), 1 hit(s), 0 error(s), 1 left on base; Colorado 0 - Surrey 1 |
BOTTOM OF THE 3RD |
Surrey Sinners batting - Pitching for Colorado Commanders : RHP Juan Mesa
|
Batting: LHB Jorge Martínez
|
0-0: Called Strike 0-1: Ground out U3 (Groundball, 34)
|
Batting: LHB Tony Smith
|
0-0: Ball 1-0: Swinging Strike 1-1: Ball 2-1: Called Strike 2-2: Foul Ball, location: 2F 2-2: Foul Ball, location: 2F 2-2: Foul Ball, location: 2F 2-2: Strikes out swinging
|
Batting: RHB Eugene Booth
|
0-0: Called Strike 0-1: Ball 1-1: Called Strike 1-2: Foul Ball, location: 2F 1-2: Ball 2-2: Foul Ball, location: 2F 2-2: Strikes out swinging
|
Bottom of the 3rd over - 0 run(s), 0 hit(s), 0 error(s), 0 left on base; Colorado 0 - Surrey 1 |
TOP OF THE 4TH |
Colorado Commanders batting - Pitching for Surrey Sinners : RHP Sergio Chávez
|
Batting: RHB Todd Oliver
|
0-0: Called Strike 0-1: Ground out 4-3 (Groundball, 4)
|
Batting: RHB Kyle Vélez
|
0-0: Foul Ball, location: 2F 0-1: Ball 1-1: Ball 2-1: Ground out 5-3 (Groundball, 5)
|
Batting: SHB Ed Dundee
|
0-0: Ball 1-0: Called Strike 1-1: Reached via error on a dropped throw, E3
|
Batting: RHB Randall Luna
|
0-0: Ball Ed Dundee is caught stealing 2nd base
|
Top of the 4th over - 0 run(s), 0 hit(s), 1 error(s), 0 left on base; Colorado 0 - Surrey 1 |
BOTTOM OF THE 4TH |
Surrey Sinners batting - Pitching for Colorado Commanders : RHP Juan Mesa
|
Batting: RHB Mitchell Darragh
|
0-0: Foul Ball, location: 2F 0-1: Swinging Strike 0-2: Ball 1-2: Strikes out looking
|
Batting: SHB António Ramos
|
0-0: Ball 1-0: Foul Ball, location: 2F 1-1: Ball 2-1: Ball 3-1: Fly out, F8 (Flyball, 8RS)
|
Batting: SHB Joey Boyd
|
0-0: Ball 1-0: SINGLE (Groundball, 6D)
|
Batting: SHB Juan Carlos Mesa
|
0-0: Ball 1-0: Called Strike 1-1: Swinging Strike 1-2: Strikes out swinging
|
Bottom of the 4th over - 0 run(s), 1 hit(s), 0 error(s), 1 left on base; Colorado 0 - Surrey 1 |
TOP OF THE 5TH |
Colorado Commanders batting - Pitching for Surrey Sinners : RHP Sergio Chávez
|
Batting: RHB Randall Luna
|
0-0: Swinging Strike 0-1: Foul Ball, location: 2F 0-2: Foul Ball, location: 2F 0-2: Ball 1-2: Strikes out swinging
|
Batting: RHB Eliot James
|
0-0: Foul Ball, location: 2F 0-1: Fly out, F7 (Flyball, 78M)
|
Batting: RHB Nick Crosby
|
0-0: Called Strike 0-1: Fly out, F4 (Popup, 4D)
|
Top of the 5th over - 0 run(s), 0 hit(s), 0 error(s), 0 left on base; Colorado 0 - Surrey 1 |
BOTTOM OF THE 5TH |
Surrey Sinners batting - Pitching for Colorado Commanders : RHP Juan Mesa
|
Batting: RHB Mauro Paredes
|
0-0: SINGLE (Line Drive, 9LM)
|
Batting: LHB Juan Hinojosa
|
0-0: Called Strike 0-1: Fielders Choice at 2nd, 4-6 (Groundball, 4)
|
Batting: LHB Jorge Martínez
|
0-0: Ball 1-0: Ball 2-0: Foul Ball, location: 2F 2-1: DOUBLE (Line Drive, 7LM) Juan Hinojosa to third Runner from 3rd tries for Home, SAFE, no throw
|
Batting: LHB Tony Smith
|
0-0: Ball 1-0: Foul Ball, location: 2F 1-1: Foul Ball, location: 2F 1-2: Ball 2-2: Strikes out swinging
|
Batting: RHB Eugene Booth
|
0-0: Ball 1-0: Ball 2-0: Ground out 6-3 (Groundball, 6)
|
Bottom of the 5th over - 1 run(s), 2 hit(s), 0 error(s), 1 left on base; Colorado 0 - Surrey 2 |
TOP OF THE 6TH |
Colorado Commanders batting - Pitching for Surrey Sinners : RHP Sergio Chávez
|
Batting: RHB Tony Barton
|
0-0: Called Strike 0-1: Ball 1-1: Ball 2-1: SINGLE (Line Drive, 8RS)
|
Batting: RHB Alberto Soto
|
0-0: Foul Ball, location: 2F 0-1: Foul Ball, location: 2F 0-2: Foul Ball, location: 2F 0-2: Ball 1-2: DOUBLE (Flyball, 78XD) Tony Barton to third Tony Barton scores
|
Batting: RHB Roberto Rodríguez
|
0-0: Foul Ball, location: 2F 0-1: Ball 1-1: Foul Ball, location: 2F 1-2: Strikes out swinging
|
Batting: RHB Todd Oliver
|
0-0: Foul Ball, location: 2F 0-1: Called Strike 0-2: Strikes out looking
|
Batting: RHB Kyle Vélez
|
0-0: Ball 1-0: Ball 2-0: Called Strike 2-1: Swinging Strike 2-2: Ball 3-2: Base on Balls
|
Batting: SHB Ed Dundee
|
0-0: Ball 1-0: Called Strike 1-1: Foul Ball, location: 2F 1-2: Foul Ball, location: 2F 1-2: Ball 2-2: Strikes out looking
|
Top of the 6th over - 1 run(s), 2 hit(s), 0 error(s), 2 left on base; Colorado 1 - Surrey 2 |
BOTTOM OF THE 6TH |
Surrey Sinners batting - Pitching for Colorado Commanders : RHP Juan Mesa
|
Batting: RHB Mitchell Darragh
|
0-0: Ball 1-0: Ball 2-0: Foul Ball, location: 2F 2-1: Ball 3-1: Base on Balls
|
Pitching: LHP Pedro Beltrán
|
|
Batting: SHB António Ramos
|
0-0: Ball 1-0: Foul Ball, location: 2F 1-1: DOUBLE (Line Drive, 7LM) Mitchell Darragh to third Runner from 3rd tries for Home, SAFE, no throw
|
Batting: SHB Joey Boyd
|
0-0: Called Strike 0-1: Ball 1-1: Ball 2-1: Foul Ball, location: 2F 2-2: Strikes out looking
|
Batting: SHB Juan Carlos Mesa
|
0-0: Called Strike 0-1: SINGLE (Groundball, 4MD) António Ramos to third Runner from 3rd tries for Home, SAFE, no throw
|
Batting: RHB Mauro Paredes
|
0-0: Called Strike 0-1: Foul Ball, location: 2F 0-2: Strikes out swinging
|
Batting: LHB Juan Hinojosa
|
0-0: Ball 1-0: Called Strike 1-1: Ball 2-1: Ball 3-1: Called Strike 3-2: Base on Balls Juan Carlos Mesa to second
|
Batting: LHB Jorge Martínez
|
0-0: Called Strike 0-1: Ball 1-1: Called Strike 1-2: Ball 2-2: Ball 3-2: Strikes out swinging
|
Bottom of the 6th over - 2 run(s), 2 hit(s), 0 error(s), 2 left on base; Colorado 1 - Surrey 4 |
TOP OF THE 7TH |
Colorado Commanders batting - Pitching for Surrey Sinners : RHP Sergio Chávez
|
Batting: RHB Randall Luna
|
0-0: Called Strike 0-1: Ball 1-1: Ground out 4-3 (Groundball, 34)
|
Pitching: LHP Werner Corona
|
|
Batting: RHB Eliot James
|
0-0: Swinging Strike 0-1: Swinging Strike 0-2: Strikes out swinging
|
Batting: RHB Nick Crosby
|
0-0: Called Strike 0-1: Swinging Strike 0-2: Ball 1-2: Strikes out swinging
|
Top of the 7th over - 0 run(s), 0 hit(s), 0 error(s), 0 left on base; Colorado 1 - Surrey 4 |
BOTTOM OF THE 7TH |
Surrey Sinners batting - Pitching for Colorado Commanders : LHP Pedro Beltrán
|
Batting: LHB Tony Smith
|
0-0: Ball 1-0: Ball 2-0: Ball 3-0: Called Strike 3-1: Foul Ball, location: 2F 3-2: Strikes out looking
|
Batting: RHB Eugene Booth
|
0-0: Ball 1-0: Ground out 5-3 (Groundball, 56)
|
Batting: RHB Mitchell Darragh
|
0-0: Ground out 3-1 (Groundball, 34S)
|
Bottom of the 7th over - 0 run(s), 0 hit(s), 0 error(s), 0 left on base; Colorado 1 - Surrey 4 |
TOP OF THE 8TH |
Colorado Commanders batting - Pitching for Surrey Sinners : LHP Werner Corona
|
Batting: RHB Tony Barton
|
0-0: Ball 1-0: Foul Ball, location: 2F 1-1: Foul Ball, location: 2F 1-2: Ball 2-2: Foul Ball, location: 2F 2-2: Hit by Pitch
|
Batting: RHB Alberto Soto
|
0-0: Ball 1-0: Ball 2-0: Fly out, F9 (Flyball, 89S)
|
Batting: RHB Roberto Rodríguez
|
0-0: Ball 1-0: Ball 2-0: Ball 3-0: Base on Balls Tony Barton to second
|
Batting: RHB Todd Oliver
|
0-0: Swinging Strike 0-1: Called Strike 0-2: Strikes out looking
|
Batting: RHB Kyle Vélez
|
0-0: Ball 1-0: Swinging Strike 1-1: Swinging Strike 1-2: Ball 2-2: Ball 3-2: Strikes out swinging
|
Top of the 8th over - 0 run(s), 0 hit(s), 0 error(s), 2 left on base; Colorado 1 - Surrey 4 |
BOTTOM OF THE 8TH |
Surrey Sinners batting - Pitching for Colorado Commanders : LHP Pedro Beltrán
|
Batting: SHB António Ramos
|
0-0: Foul Ball, location: 2F 0-1: Swinging Strike 0-2: Foul Ball, location: 2F 0-2: Ball 1-2: Foul Ball, location: 2F 1-2: Strikes out swinging
|
Batting: SHB Joey Boyd
|
0-0: SINGLE (Groundball, 3) (infield hit)
|
Batting: SHB Juan Carlos Mesa
|
0-0: Ball 1-0: SINGLE (Groundball, 34S) (infield hit) Joey Boyd to second
|
Batting: RHB Mauro Paredes
|
0-0: Ball 1-0: Fly out, F4 (Line Drive, 4)
|
Batting: LHB Juan Hinojosa
|
0-0: Ball 1-0: Ball 2-0: Called Strike 2-1: Called Strike 2-2: Foul Ball, location: 2F 2-2: Fly out, F7 (Line Drive, 7)
|
Bottom of the 8th over - 0 run(s), 2 hit(s), 0 error(s), 2 left on base; Colorado 1 - Surrey 4 |
TOP OF THE 9TH |
Colorado Commanders batting - Pitching for Surrey Sinners : LHP Werner Corona
|
Pitching: LHP Miguel Pazo
|
|
Batting: SHB Ed Dundee
|
0-0: Called Strike 0-1: Swinging Strike 0-2: SINGLE (Groundball, 34D)
|
Batting: RHB Randall Luna
|
0-0: Called Strike 0-1: Foul Ball, location: 2F 0-2: Ball 1-2: Strikes out swinging
|
Batting: RHB Eliot James
|
0-0: Ball 1-0: Grounds into double play, 4-6-3 (Groundball, 4)
|
Top of the 9th over - 0 run(s), 1 hit(s), 0 error(s), 0 left on base; Colorado 1 - Surrey 4 |
|